 Dungeon Crawl Stone Soup version 0.17.0-24-gcfadda4 (webtiles) character file.

24793 M4edhros the Covert (level 13, -1/72 HPs)
             Began as an Octopode Artificer on Nov 17, 2015.
             Was a High Priest of Okawaru.
             Slain by a spiny frog (22 damage)
             ... on level 4 of the Lair of Beasts.
             The game lasted 00:45:54 (20412 turns).

M4edhros the Covert (Octopode Artificer)           Turns: 20412, Time: 00:45:55

Health: -1/72      AC:  6    Str:  8 (9)  XL:     13   Next: 15%
Magic:  20/20      EV: 18    Int: 15 (17) God:    Okawaru [*****.]
Gold:   722        SH:  7    Dex: 14 (17) Spells: 0 memorised, 12 levels left

rFire  . . .     SeeInvis .     o - +6 hunting sling (venom)
rCold  . . .     Clarity  .     K - +1 buckler {AC+3}
rNeg   . . .     SustAt   .     I - +2 hat
rPois  .         Gourm    .     g - amulet of rage
rElec  .         Spirit   .     E - ring of protection from magic
rCorr  .         Warding  .     f - +3 ring of intelligence
rMut   .         Stasis   .     (no ring)
MR     +....                    (no ring)
Stlth  ++++++++..               (no ring)
                                (no ring)
                                (no ring)
                                (no ring)

@: lethally poisoned (-1 -> -13), somewhat resistant to hostile enchantments,
extraordinarily stealthy
A: almost no armour, amphibious, 8 rings, constrict 8, antennae 1, camouflage 1,
deterioration 2, weak 1, gelatinous body 1
a: Heroism, Finesse, Renounce Religion, Evoke Berserk Rage


You were on level 4 of the Lair of Beasts.
You worshipped Okawaru.
Okawaru was extremely pleased with you.
You were hungry.

You visited 3 branches of the dungeon, and saw 17 of its levels.
You also visited: Sewer.

You collected 722 gold pieces.

Inventory:

Hand Weapons
 b - the +3 demon trident "Demonslayer" {flame, +Inv Dex+2 SInv}
   (Okawaru gifted it to you on level 1 of the Lair of Beasts)

   It has been specially enchanted to burn those struck by it, causing extra
   injury to most foes and up to half again as much damage against particularly
   susceptible opponents.
   It affects your dexterity (+2).
   It lets you see invisible.
   It lets you turn invisible.
 o - a +6 hunting sling of venom (weapon)
 u - the +9 falchion of the Final Decision {antimagic, Str+3}
   (You found it on level 11 of the Dungeon)

   It disrupts the flow of magical energy around spellcasters and certain
   magical creatures (including the wielder).
   It affects your strength (+3).
 x - a +2 flail of protection
 L - a +0 blowgun
 N - a +2 short sword of venom
Missiles
 i - 277 stones (quivered)
 n - 16 sling bullets of flame
 M - 68 poisoned needles
 P - 56 sling bullets
 U - 10 curare-tipped needles
 X - 16 sling bullets of frost
Armour
 m - a +0 large shield
 s - the +0 shield of Ekif {rF+ rC- Int+4}
   (Okawaru gifted it to you on level 3 of the Lair of Beasts)

   It affects your intelligence (+4).
   It protects you from fire.
   It makes you vulnerable to cold.
 I - a +2 hat (worn)
 K - a +1 buckler of protection (worn)
Jewellery
 f - a +3 ring of intelligence (right tentacle)
 g - an amulet of rage (around mantle)
 k - an uncursed amulet of the gourmand
 E - a ring of protection from magic (left tentacle)
Wands
 c - a wand of enslavement (8)
 d - a wand of random effects (9)
 j - a wand of enslavement (16)
 p - a wand of teleportation (8)
 q - a wand of polymorph (9)
 v - a wand of teleportation (3)
 A - a wand of polymorph (13)
 C - a wand of frost (23)
 D - a wand of fireball (2)
 F - a wand of paralysis (5)
 Q - a wand of frost (38)
 S - a wand of digging (18)
 T - a wand of slowing (26)
 Y - a wand of lightning (6)
Scrolls
 a - 2 scrolls of identify
 r - 3 scrolls of teleportation
 y - a scroll of enchant armour {unknown}
 B - 2 scrolls of fear
 O - a scroll of remove curse
 R - a scroll of enchant weapon
 W - a scroll of fog
Potions
 l - 3 potions of haste
 t - 2 potions of heal wounds
 G - a potion of curing
Books
 h - a book of Spatial Translocations

   Spells                             Type                      Level
   a - Apportation                    Translocation                1
   b - Blink                          Translocation                2
   c - Shroud of Golubria             Charms/Translocation         2
   d - Portal Projectile              Translocation                3
   e - Teleport Other                 Translocation                3
   f - Passage of Golubria            Translocation                4
 V - a book of the Dragon

   Spells                             Type                      Level
   a - Flame Tongue                   Conjuration/Fire             1
   b - Cause Fear                     Hexes                        4
   c - Bolt of Fire                   Conjuration/Fire             6
   d - Dragon Form                    Transmutation                7
   e - Dragon's Call                  Summoning                    9
Miscellaneous
 w - an ornate deck of changes
Comestibles
 e - 2 bread rations
 z - 2 beef jerkies
 H - 4 fruits
 J - 2 meat rations


   Skills:
 - Level 1.0 Fighting
 - Level 1.0 Short Blades
 + Level 10.9 Slings
 + Level 10.7 Dodging
 + Level 14.7 Stealth
 + Level 7.6 Shields
 - Level 10.2 Evocations


You had 12 spell levels left.
You didn't know any spells.

Dungeon Overview and Level Annotations

Branches:
Dungeon (12/15)            Temple (1/1) D:6            Lair (4/8) D:9
  Swamp (0/4) Lair:4
  Snake: Lair:3-6    Spider: Lair:3-6       Orc: D:9-12

Altars:
Ashenzari
Cheibriados
Dithmenos
Elyvilon
Fedhas
Gozag
Kikubaaqudgha
Makhleb
Nemelex Xobeh
Okawaru
Qazlal
Ru
Sif Muna
Trog
Vehumet
Xom
Yredelemnul
Zin
The Shining One

Shops:
D:6 }


Innate Abilities, Weirdness & Mutations

You cannot wear most types of armour.
You are amphibious.
You can wear up to eight rings at the same time.
You can use your tentacles to constrict eight enemies at once.
Your skin changes colour to match your surroundings (Stealth).
Your rubbery body absorbs attacks (AC +1).
You have a pair of small antennae on your head.
Your body often deteriorates upon taking damage.
You are weak. (Str -2)


Message History

Aim: a spiny frog (almost dead, poisoned)
You shoot a stone. The stone barely misses the spiny frog.
You feel sick. The spiny frog stings you!
Your body deteriorates!
You feel dopey.
A spiny frog is nearby!
Firing (i - inventory. (,) - cycle):
i - 279 stones (quivered)
Press: ? - help, Shift-Dir - straight line, f/p - spiny frog
Aim: a spiny frog (almost dead, poisoned)
You shoot a stone.
The stone closely misses the spiny frog.
You feel sick. You block the spiny frog's attack.
A spiny frog is nearby!
Firing (i - inventory. (,) - cycle):
i - 278 stones (quivered)
Press: ? - help, Shift-Dir - straight line, f/p - spiny frog
Aim: a spiny frog (almost dead, poisoned)
You shoot a stone. The stone hits the spiny frog.
The spiny frog looks even sicker.
The spiny frog is almost dead.
You feel sick. The spiny frog stings you!!
You die...

#..##P. .......
##......(
#.......(
P.......( ###
#....(... #.#
#...(....
####.###@F.....(
#P.#............
#......#........
#...####........
#..### #........
#.##.# #........
##..## .........
#.#.# #........
##..## .......


You could see a spiny frog.

Vanquished Creatures
  Gastronok (Lair:1)
  Sonja (D:11)
  Nergalle (Lair:3)
  2 unseen horrors
  The ghost of M4edhros the Covert, a novice OpAr of Fedhas (D:6)
  2 hill giants
  An ugly thing (D:8)
  A manticore (D:11)
  A black mamba (Lair:3)
  A gargoyle (D:12)
  A centaur skeleton (D:11)
  2 komodo dragons (Lair:1)
  A fire drake (Lair:1)
  A spiny frog (Lair:1)
  19 blink frogs
  A harpy skeleton (D:12)
  3 trolls
  A two-headed ogre (D:10)
  2 wyverns
  2 basilisks
  8 yaks
  A shadow (D:12)
  A hungry ghost (D:7)
  A deep elf fighter (D:9)
  3 hippogriffs
  4 wolves (Lair:3)
  8 porcupines
  6 water moccasins
  3 black bears
  3 orc warriors
  2 ogres
  A sky beast (D:11)
  2 phantoms
  6 ice beasts
  10 crocodiles
  5 centaurs
  2 wasps (D:10)
  7 big kobolds
  A gnoll sergeant (D:11)
  15 giant frogs
  A wyvern skeleton (D:7)
  14 wights
  2 scorpions
  6 killer bees
  A quasit (D:10)
  2 centaur zombies
  3 crimson imps
  4 orc priests
  2 jellies
  4 giant frog skeletons
  8 hounds
  A giant frog zombie (D:10)
  11 orc wizards
  8 worker ants
  5 iguanas
  A killer bee zombie (D:10)
  A hound zombie (D:10)
  2 hound skeletons
  Robin (D:3)
  14 adders
  6 gnolls
  56 river rats
  4 shadow imps
  An adder zombie (D:6)
  An adder skeleton (D:4)
  5 worms
  2 giant geckos
  32 orcs
  16 bats
  11 giant cockroaches
  7 hobgoblins
  A quokka (D:3)
  A ball python (D:5)
  6 giant newts
  18 goblins
  18 jackals
  32 kobolds
  A quokka zombie (D:5)
  23 rats
  A plant (D:9)
467 creatures vanquished.

Vanquished Creatures (collateral kills)
  A bat (D:1)
1 creature vanquished.

Vanquished Creatures (others)
  2 killer bees (D:7)
  A gnoll (D:8)
  8 fungi
  A plant (D:9)
12 creatures vanquished.

Grand Total: 480 creatures vanquished

Notes
Turn   | Place    | Note
--------------------------------------------------------------
     0 | D:1      | M4edhros the Octopode Artificer began the quest for the Orb.
     0 | D:1      | Reached XP level 1. HP: 13/13 MP: 3/3
   174 | D:1      | Reached XP level 2. HP: 9/18 MP: 4/4
   410 | D:1      | Found a sparkling altar of Nemelex Xobeh.
   762 | D:2      | Found a snail-covered altar of Cheibriados.
   814 | D:2      | Reached skill level 4 in Evocations
   823 | D:2      | Reached XP level 3. HP: 23/23 MP: 4/6
  1492 | D:3      | Reached skill level 1 in Slings
  1818 | D:3      | Reached XP level 4. HP: 26/28 MP: 7/7
  1968 | D:4      | Noticed a giant frog
  2101 | D:4      | Reached XP level 5. HP: 28/33 MP: 8/8
  2178 | D:4      | Killed a giant frog
  2431 | D:4      | Found a sparkling altar of Nemelex Xobeh.
  2471 | D:5      | Entered Level 5 of the Dungeon
  2576 | D:5      | Noticed an ice beast
  2583 | D:5      | Killed an ice beast
  2583 | D:5      | Reached skill level 5 in Stealth
  2583 | D:5      | Reached skill level 5 in Evocations
  2583 | D:5      | Reached XP level 6. HP: 17/38 MP: 9/9
  2608 | D:5      | Found a glowing drain.
  2722 | Sewer    | Entered a sewer
  2910 | Sewer    | Found a white marble altar of Elyvilon.
  3130 | D:5      | Found a shattered altar of Ashenzari.
  3356 | D:5      | Reached XP level 7. HP: 43/43 MP: 10/10
  3359 | D:5      | Noticed a centaur
  3369 | D:5      | Killed a centaur
  3495 | D:5      | Reached skill level 6 in Stealth
  3900 | D:5      | Found a sacrificial altar of Ru.
  4445 | D:6      | Noticed M4edhros's ghost (novice OpAr)
  4589 | D:6      | Found a staircase to the Ecumenical Temple.
  4598 | Temple   | Entered the Ecumenical Temple
  4760 | Temple   | Became a worshipper of Xom of Chaos
  4789 | Temple   | Fell from the grace of Xom
  4789 | Temple   | Became a worshipper of Warmaster Okawaru
  4811 | D:6      | Reached XP level 8. HP: 48/48 MP: 12/12
  4818 | D:6      | Reached skill level 7 in Stealth
  5471 | D:3      | XOM: give mutations
  5471 | D:3      | Gained mutation: You have a pair of small antennae on your head. [Xom's mischief]
  5471 | D:3      | Gained mutation: You are weak. (Str -2) [Xom's mischief]
  5553 | D:3      | Found a white marble altar of Elyvilon.
  5799 | D:3      | Noticed Robin
  6019 | D:3      | XOM: give mutations
  6019 | D:3      | Gained mutation: You are dopey. (Int -2) [Xom's mischief]
  6019 | D:3      | Gained mutation: You evolve. [Xom's mischief]
  6019 | D:3      | Lost mutation: You are dopey. (Int -2) [Xom's mischief]
  6019 | D:3      | Gained mutation: You are very weak. (Str -4) [Xom's mischief]
  6107 | D:3      | XOM: medium Divn miscast
  6203 | D:3      | Killed Robin
  6334 | D:4      | Gained mutation: You have a pair of antennae on your head. [evolution]
  6334 | D:4      | Lost mutation: You evolve. [end of evolution]
  6468 | D:4      | Found a glowing golden altar of the Shining One.
  6595 | D:4      | Reached skill level 5 in Dodging
  7130 | D:6      | Reached * piety under Okawaru
  7148 | D:6      | Found Murin's Gadget Emporium.
  7321 | D:6      | Reached skill level 5 in Slings
  7327 | D:6      | Reached skill level 8 in Stealth
  7365 | D:6      | Found a radiant altar of Vehumet.
  7610 | D:5      | XOM: noise
  7930 | D:6      | Reached XP level 9. HP: 53/53 MP: 14/14
  8119 | D:7      | XOM: 1-stop teleportation journey
  8128 | D:7      | Found a bloodstained altar of Trog.
  8198 | D:7      | HP: 1/53 [killer bee (8)]
  8244 | D:6      | HP: 1/53 [killer bee (10)]
  8246 | D:6      | Reached ** piety under Okawaru
  8595 | D:6      | Killed M4edhros's ghost
  8595 | D:6      | Reached skill level 9 in Stealth
  9106 | D:7      | Reached *** piety under Okawaru
  9166 | D:7      | XOM: noise
  9179 | D:7      | Reached XP level 10. HP: 19/58 MP: 16/16
  9311 | D:7      | XOM: mild Necr miscast
  9400 | D:8      | Noticed a brown ugly thing
  9462 | D:8      | Reached skill level 10 in Stealth
  9483 | D:8      | XOM: mild Trmt miscast
  9512 | D:8      | XOM: medium Necr miscast
  9707 | D:8      | XOM: confusion (+ monsters)
 10209 | D:8      | XOM: mild Air miscast
 10273 | D:8      | XOM: mild Erth miscast
 10335 | D:8      | Killed a brown ugly thing
 10338 | D:8      | Found an opulent altar of Gozag.
 10338 | D:8      | Found a shadowy altar of Dithmenos.
 10448 | D:8      | XOM: mild Ice miscast
 10497 | D:8      | XOM: noise
 10598 | D:8      | Found an ancient bone altar of Kikubaaqudgha.
 10784 | D:9      | Identified the Grimoire of Weightlessness
 10844 | D:9      | XOM: harmless Necr miscast
 10986 | D:9      | Reached **** piety under Okawaru
 11024 | D:9      | Received a gift from Okawaru
 11024 | D:9      | Reached skill level 11 in Stealth
 11216 | D:9      | Reached skill level 1 in Shields
 11380 | D:9      | XOM: mild Tloc miscast
 11616 | D:9      | Found a staircase to the Lair.
 11735 | D:10     | Entered Level 10 of the Dungeon
 12002 | D:10     | Reached XP level 11. HP: 41/63 MP: 18/18
 12060 | D:10     | Paralysed by a wasp for 2 turns
 12064 | D:10     | Reached ***** piety under Okawaru
 12613 | D:10     | Received a gift from Okawaru
 12642 | D:10     | HP: 2/63 [killer bee zombie (6)]
 12766 | D:10     | XOM: noise
 12938 | D:10     | Noticed a hill giant
 12968 | D:10     | Killed a hill giant
 12981 | D:10     | Reached skill level 12 in Stealth
 13237 | D:11     | Noticed Sonja
 13487 | D:10     | XOM: summons 3 hostile demons
 13496 | D:11     | Killed Sonja
 13496 | D:11     | Reached skill level 10 in Evocations
 13788 | D:11     | XOM: mild Conj miscast
 13853 | D:10     | XOM: noise
 13929 | D:10     | XOM: mild Ice miscast
 14017 | D:10     | XOM: medium Chrm miscast
 14265 | D:10     | Killed an unseen horror
 14265 | D:10     | Received a gift from Okawaru
 14574 | D:11     | XOM: medium Trmt miscast
 14827 | D:11     | Lost mutation: You are very weak. (Str -4) [mutagenic meat]
 14828 | D:11     | Gained mutation: You are dopey. (Int -2) [mutagenic meat]
 14829 | D:11     | Lost mutation: You are weak. (Str -2) [mutagenic meat]
 14830 | D:11     | Gained mutation: You are weak. (Str -2) [mutagenic meat]
 14831 | D:11     | Gained mutation: Your body sometimes deteriorates upon taking damage. [mutagenic meat]
 14832 | D:11     | Gained mutation: You are frail (-10% HP). [mutagenic meat]
 14896 | D:11     | Got a crude falchion
 14900 | D:11     | Identified the +9 falchion of the Final Decision {antimagic, Str+3} (You found it on level 11 of the Dungeon)
 14922 | D:11     | Found a sparkling altar of Nemelex Xobeh.
 14936 | D:11     | XOM: give mutations
 14936 | D:11     | Gained mutation: Your body often deteriorates upon taking damage. [Xom's mischief]
 14936 | D:11     | Gained mutation: You are agile. (Dex +2) [Xom's mischief]
 14936 | D:11     | Gained mutation: You are very weak. (Str -4) [Xom's mischief]
 15008 | D:11     | Noticed a hill giant
 15019 | D:11     | Killed a hill giant
 15043 | D:11     | Killed an unseen horror
 15345 | D:12     | Noticed a skeletal warrior
 15345 | D:12     | Noticed a skeletal warrior
 15345 | D:12     | Noticed a skeletal warrior
 15370 | D:12     | Reached skill level 5 in Shields
 15668 | D:12     | Reached XP level 12. HP: 31/61 MP: 19/19
 15919 | D:12     | XOM: severe Trmt miscast
 16034 | Lair:1   | Entered Level 1 of the Lair of Beasts
 16074 | Lair:1   | Reached skill level 13 in Stealth
 16303 | Lair:1   | XOM: mild Chrm miscast
 16303 | Lair:1   | Was forgiven by Xom
 16905 | Lair:1   | Noticed Gastronok
 16950 | Lair:1   | Killed Gastronok
 16950 | Lair:1   | Reached skill level 10 in Dodging
 17048 | Lair:1   | Got a twisted halberd
 17049 | Lair:1   | Identified a scroll of acquirement
 17114 | Lair:1   | Received a gift from Okawaru
 17114 | Lair:1   | Reached skill level 10 in Slings
 17115 | Lair:1   | Got an encrusted demon trident {god gift}
 17116 | Lair:1   | Identified the +3 demon trident "Demonslayer" {flame, +Inv Dex+2 SInv} (Okawaru gifted it to you on level 1 of the Lair of Beasts)
 18255 | Lair:2   | Reached skill level 14 in Stealth
 19292 | Lair:3   | Noticed Nergalle
 19330 | Lair:3   | Killed Nergalle
 19330 | Lair:3   | Received a gift from Okawaru
 19330 | Lair:3   | Reached XP level 13. HP: 49/64 MP: 20/20
 19343 | Lair:3   | Got a translucent shield {god gift}
 19354 | Lair:3   | Identified the +0 shield of Ekif {rF+ rC- Int+4} (Okawaru gifted it to you on level 3 of the Lair of Beasts)
 19473 | Lair:3   | Lost mutation: You are agile. (Dex +2) [potion of cure mutation]
 19473 | Lair:3   | Lost mutation: You are dopey. (Int -2) [potion of cure mutation]
 19473 | Lair:3   | Lost mutation: You are frail (-10% HP). [potion of cure mutation]
 19473 | Lair:3   | Lost mutation: You have a pair of antennae on your head. [potion of cure mutation]
 19473 | Lair:3   | Lost mutation: You are very weak. (Str -4) [potion of cure mutation]
 20147 | Lair:4   | Found a staircase to the Swamp.
 20412 | Lair:4   | Slain by a spiny frog

Action                   |  1- 3 |  4- 6 |  7- 9 | 10-12 | 13-15 || total
-------------------------+-------+-------+-------+-------+-------++-------
Melee: Short sword       |    66 |    14 |     9 |     1 |       ||    90
       Flail             |       |       |    11 |    33 |       ||    44
       Dagger            |       |       |    18 |    26 |       ||    44
 Fire: Hunting sling     |     7 |    95 |   415 |  1248 |   130 ||  1895
 Abil: Evoke Berserk Rag |     1 |     1 |     1 |       |       ||     3
Evoke: Wand              |     2 |     6 |    31 |    17 |     4 ||    60
  Use: Scroll            |       |     8 |     1 |    16 |     1 ||    26
       Potion            |       |       |     7 |     6 |     3 ||    16
 Stab: Sleeping          |     9 |       |     3 |       |       ||    12
       Distracted        |     1 |       |       |       |       ||     1
       Paralysed         |       |       |       |     5 |       ||     5
  Eat: Chunk             |     3 |       |    12 |    26 |       ||    41
       Beef jerky        |       |     1 |     1 |     1 |       ||     3
       Meat ration       |       |     1 |       |       |       ||     1
       Bread ration      |       |       |     2 |     2 |       ||     4
